 Dungeon Crawl Stone Soup version 0.29.0-4-gdea44cf6ec (webtiles) character file.

Game seed: 3184106550396215023

91 qw the Chopper (level 4, -2/26 HPs)
             Began as a Tengu Warper on Aug 28, 2022.
             Killed by divine providence
             ... invoked by an orc priest
              (7 damage)
             ... on level 3 of the Dungeon.
             The game lasted 00:00:13 (2204 turns).

qw the Chopper (Tengu Warper)                       Turns: 2204, Time: 00:00:14

Health: -2/26      AC: 10    Str: 13    XL:     4   Next: 57%
Magic:  8/8        EV:  3    Int: 13    God:
Gold:   12         SH:  0    Dex: 14    Spells: 7/7 levels left

rFire   . . .      SeeInvis .   Y - +0 hand axe
rCold   . . .      Faith    .   (no shield)
rNeg    . . .      Spirit   .   k - +0 plate armour
rPois   .          Reflect  .   (helmet restricted)
rElec   .          Harm     .   (no cloak)
rCorr   .          Rampage  .   (no gloves)
Will    .....                   (boots unavailable)
Stlth   ..........              (no amulet)
HPRegen 0.08/turn               (no ring)
MPRegen 0.11/turn               (no ring)

@: about to teleport
A: beak, talons 3
a: no special abilities


You were on level 3 of the Dungeon.
You visited 1 branch of the dungeon, and saw 3 of its levels.

You collected 122 gold pieces.
You spent 110 gold pieces at shops.


Innate Abilities, Weirdness & Mutations

You have a beak for a mouth.
You have claws for feet.


   Skills:
 - Level 2.0 Fighting
 + Level 4.8 Axes
 - Level 1.0 Throwing
 - Level 2.0 Armour
 - Level 2.1 Dodging
 - Level 2.0 Spellcasting
 - Level 2.4 Translocations


You had 7 spell levels left.
You didn't know any spells.
Your spell library contained the following spells:

 Spells                   Type           Power      Damage    Failure   Level
 Blink                    Tloc           14%        N/A       100%        2
 Gell's Gravitas          Tloc           7%         N/A       100%        3
 Lesser Beckoning         Tloc           7%         N/A       100%        3
 Teleport Other           Tloc           7%         N/A       100%        3
 Manifold Assault         Tloc           7%         N/A       100%        5

Inventory:

Hand Weapons
 b - a +0 whip
 Y - a +0 hand axe (weapon)
Armour
 k - a +0 plate armour (worn)
Scrolls
 c - a scroll of teleportation
 i - a scroll of enchant weapon {unknown}
Potions
 a - 2 potions of curing
 d - a potion of resistance {unknown}
 e - a potion of heal wounds {unknown}
 f - 2 potions of might
 g - a potion of degeneration {unknown}
 h - a potion of lignification {unknown}
 j - a potion of ambrosia {unknown}
 l - a potion of cancellation {unknown}

Dungeon Overview and Level Annotations

Branches:
Dungeon (3/15)

Altars:
Makhleb

Shops:
D:2 !


Message History

You closely miss the orc.
The orc is severely wounded.
The orc hits you with a +0 falchion.
You barely miss the orc. Your kick misses the orc. You peck the orc.
The orc is almost dead.
The orc hits you with a +0 falchion.
You hit the orc.
You kill the orc!
You start resting.
HP restored.
i - a scroll labelled DUTTUN BIOJARCH
Things that are here:
a +0 falchion; a +0 leather armour; an orc corpse 2 orcs come into view.
An orc is wielding a +0 whip and wearing a +1 leather armour of cold resistance.
The orc shouts!
You hit the orc. You claw the orc.
You kill the orc!
The orc completely misses you.
An orc priest comes into view. It is wielding a +0 dagger.
The orc priest shouts!
The orc hits you with a +3 trident.
Things that are here:
a +0 whip; a +1 leather armour of cold resistance You hit the orc priest but do no damage.
You closely miss the orc. The orc hits you with a +3 trident.
The orc priest calls down the wrath of Beogh upon you.
Pain shoots through your body!
You closely miss the orc priest. You peck the orc priest.
The orc priest is lightly wounded.
You hit the orc.
The orc priest hits you but does no damage.
The orc hits you with a +3 trident.
2204 ||| READING 2 scrolls of teleportation.
As you read the scroll of teleportation, it crumbles to dust.
You feel strangely unstable.
The orc priest mumbles some strange prayers to Beogh against you.
Beogh smites you!
You die...

### #. ..# #. #.# #.
#.# #.#####.#
#.#.....##
#####.#)###..#
#....o#.# ##.## #o@.#
#..#### #. #.###
##....#### . #. ####
###.....# . .. .>#
#.###.### #.## #.#
#.###...#
#.#####.#####.#...#..
#.#....##..............
#...........777...777..
######.##%.7# #7.7# 7.


You could see an orc priest and an orc.

Vanquished Creatures
  3 adders (D:2)
  A white imp (D:3)
  A dart slug (D:1)
  2 orcs (D:3)
  3 bats
  3 endoplasms
  3 giant cockroaches
  6 hobgoblins
  6 jackals (D:1)
  A quokka (D:3)
  6 ball pythons
  3 frilled lizards
  3 goblins
  4 kobolds
  6 rats
51 creatures vanquished.

Notes
Turn   | Place    | Note
-------+----------+-------------------------------------------
     0 | D:1      | qw the Tengu Warper began the quest for the Orb.
     0 | D:1      | Reached XP level 1. HP: 12/12 MP: 4/4
     0 | D:1      | 0 ||| qw: Version: 0.1-a-89-g26bdef1
     0 | D:1      | 0 ||| qw: Game counter: 1175
     0 | D:1      | 0 ||| qw: Always use a shield: true
     0 | D:1      | 0 ||| qw: God list: Okawaru
     0 | D:1      | 0 ||| qw: Allow faded altars: false
     0 | D:1      | 0 ||| qw: Do Orc after D:15 true
     0 | D:1      | 0 ||| qw: Do second Lair branch before Depths: true
     0 | D:1      | 0 ||| qw: Lair rune preference: random
     0 | D:1      | 0 ||| qw: Plans: Normal
     0 | D:1      | 0 ||| PLANNING D:1-11
    35 | D:1      | 35 ||| Stepping ~*~*~tactically~*~*~ (stealth).
    39 | D:1      | 39 ||| Stepping ~*~*~tactically~*~*~ (stealth).
    56 | D:1      | Reached XP level 2. HP: 13/17 MP: 6/6
   149 | D:1      | Reached skill level 3 in Axes
   402 | D:1      | Found a faded altar of an unknown god.
   540 | D:1      | Reached XP level 3. HP: 7/21 MP: 7/7
   809 | D:1      | 809 ||| UPGRADING to +0 plate armour.
   819 | D:1      | 819 ||| DROPPING +0 leather armour.
   820 | D:1      | 820 ||| READING scroll labelled AFUEBR FEMMEWU.
   821 | D:1      | 821 ||| READING scroll labelled AHEONL EMYRGH.
   822 | D:1      | 822 ||| READING scroll labelled CIES REMER.
   823 | D:1      | 823 ||| DROPPING scroll of blinking.
   846 | D:2      | 846 ||| STAIRDANCE
   898 | D:2      | Reached skill level 4 in Axes
   983 | D:2      | 983 ||| DROPPING +0 club.
  1106 | D:2      | 1106 ||| Stepping ~*~*~tactically~*~*~ (stealth).
  1124 | D:2      | 1124 ||| Stepping ~*~*~tactically~*~*~ (stealth).
  1146 | D:2      | 1146 ||| Stepping ~*~*~tactically~*~*~ (stealth).
  1212 | D:2      | Found a burning altar of Makhleb.
  1335 | D:2      | Reached XP level 4. HP: 19/26 MP: 8/8
  1339 | D:2      | 1339 ||| FLEEEEING.
  1340 | D:2      | 1340 ||| FLEEEEING.
  1341 | D:2      | 1341 ||| FLEEEEING.
  1342 | D:2      | 1342 ||| FLEEEEING.
  1343 | D:2      | 1343 ||| FLEEEEING.
  1344 | D:2      | 1344 ||| FLEEEEING.
  1345 | D:2      | 1345 ||| FLEEEEING.
  1346 | D:2      | 1346 ||| FLEEEEING.
  1347 | D:2      | 1347 ||| FLEEEEING.
  1348 | D:2      | 1348 ||| FLEEEEING.
  1350 | D:2      | 1350 ||| FLEEEEING.
  1351 | D:2      | 1351 ||| FLEEEEING.
  1352 | D:2      | 1352 ||| FLEEEEING.
  1353 | D:2      | 1353 ||| FLEEEEING.
  1354 | D:2      | 1354 ||| FLEEEEING.
  1356 | D:2      | 1356 ||| FLEEEEING.
  1357 | D:2      | 1357 ||| FLEEEEING.
  1358 | D:2      | 1358 ||| FLEEEEING.
  1359 | D:2      | 1359 ||| FLEEEEING.
  1360 | D:2      | 1360 ||| FLEEEEING.
  1361 | D:2      | 1361 ||| FLEEEEING.
  1362 | D:2      | 1362 ||| FLEEEEING.
  1363 | D:2      | 1363 ||| FLEEEEING.
  1364 | D:2      | 1364 ||| FLEEEEING.
  1365 | D:2      | 1365 ||| FLEEEEING.
  1366 | D:2      | 1366 ||| FLEEEEING.
  1367 | D:2      | 1367 ||| FLEEEEING.
  1368 | D:2      | 1368 ||| FLEEEEING.
  1369 | D:2      | 1369 ||| FLEEEEING.
  1370 | D:2      | 1370 ||| FLEEEEING.
  1371 | D:2      | 1371 ||| FLEEEEING.
  1372 | D:2      | 1372 ||| FLEEEEING.
  1373 | D:2      | 1373 ||| FLEEEEING.
  1374 | D:2      | 1374 ||| FLEEEEING.
  1375 | D:2      | 1375 ||| FLEEEEING.
  1376 | D:2      | 1376 ||| FLEEEEING.
  1377 | D:2      | 1377 ||| FLEEEEING.
  1378 | D:2      | 1378 ||| FLEEEEING.
  1379 | D:2      | 1379 ||| FLEEEEING.
  1380 | D:2      | 1380 ||| FLEEEEING.
  1381 | D:2      | 1381 ||| FLEEEEING.
  1382 | D:2      | 1382 ||| FLEEEEING.
  1383 | D:2      | 1383 ||| FLEEEEING.
  1384 | D:2      | 1384 ||| FLEEEEING.
  1385 | D:2      | 1385 ||| STAIRDANCE
  1486 | D:1      | 1486 ||| READING 2 scrolls labelled MIWNES GUIT.
  1490 | D:1      | 1490 ||| READING scroll labelled WILUCI BEUFUAKOEPH.
  1491 | D:1      | 1491 ||| DRINKING 2 fuming cyan potions.
  1592 | D:2      | 1592 ||| Stepping ~*~*~tactically~*~*~ (stealth).
  1732 | D:2      | Found Xygu's Distillery.
  1739 | D:2      | 1739 ||| BUYING 2 potions of might (80 gold).
  1739 | D:2      | Bought 2 potions of might for 80 gold pieces
  1739 | D:2      | 1739 ||| SHOPLISTING potion of cancellation (80 gold, have
                  | 31).
  1739 | D:2      | 1739 ||| BUYING potion of curing (30 gold).
  1739 | D:2      | Bought a potion of curing for 30 gold pieces
  1739 | D:2      | 1739 ||| SHOPLISTING potion of heal wounds (50 gold, have
                  | 1).
  1739 | D:2      | 1739 ||| SHOPLISTING potion of might (40 gold, have 1).
  1844 | D:3      | 1844 ||| Stepping ~*~*~tactically~*~*~ (hiding).
  2203 | D:3      | HP: 5/26 [orc/+3 trident (6)]
  2204 | D:3      | 2204 ||| READING 2 scrolls of teleportation.
  2204 | D:3      | Killed from afar by an orc priest

Levels and vault maps discovered:
D:1:      minmay_arrival_three_doors, layout_rooms,
          ebering_ecumenical_altar_abandoned
D:2:      layout_loops_cross, serial_shops, nicolae_diamond_shop, basic_altar,
          minmay_misc_feat_encased
D:3:      layout_basic, minmay_stone_trees_medium

Skill      XL: |  1  2  3 |
---------------+----------+-----
Axes           | 3 4 |  4.8
Armour         | 2 |  2.0
Fighting       | |  2.0
Throwing       | |  1.0
Dodging        | |  2.1
Spellcasting   | |  2.0
Translocations | |  2.4

Action                   |  1- 3 |  4- 6 || total
-------------------------+-------+-------++-------
Melee: Hand axe          |    91 |    40 ||   131
       Kick              |    15 |     7 ||    22
       Peck              |    12 |     9 ||    21
Throw: Boomerang         |     7 |       ||     7
  Use: Scroll            |     3 |     3 ||     6
       Potion            |       |     1 ||     1
Armor: Leather armour    |    16 |       ||    16
       Plate armour      |    27 |    21 ||    48
Dodge: Dodged            |    47 |     6 ||    53

Table legend:
 A = Non-vault XP
 B = Vault XP
 C = Vault XP percentage of total XP
 D = Non-vault monster count
 E = Vault monster count
 F = Vault count percentage of total count
                 A         B        C        D         E       F
            +---------+---------+-------+---------+---------+-------
      Total |     130 |       0 |   0.0 |      51 |       0 |   0.0
            +---------+---------+-------+---------+---------+-------
        D:1 |      36 |       0 |   0.0 |      21 |       0 |   0.0
        D:2 |      72 |       0 |   0.0 |      24 |       0 |   0.0
        D:3 |      22 |       0 |   0.0 |       6 |       0 |   0.0
            +---------+---------+-------+---------+---------+-------
